 Dungeon Crawl Stone Soup version 0.27-a0-333-gfa571bf19a (webtiles) character file.

Game seed: 15442755655649063484

42 dorian the Sneak (level 3, -2/28 HPs)
             Began as a Vampire Brigand on Feb 12, 2021.
             Slain by an ogre
             ... wielding a +0 giant club
              (30 damage)
             ... on level 2 of the Dungeon.
             The game lasted 00:02:34 (796 turns).

dorian the Sneak (Vampire Brigand)                   Turns: 796, Time: 00:02:35

Health: -2/28      AC:  3    Str: 10    XL:     3   Next: 33%
Magic:  3/3        EV: 12    Int: 14    God:
Gold:   90         SH:  0    Dex: 15    Spells: 2/2 levels left

rFire    . . .     SeeInvis +   a - +2 dagger
rCold    . . .     Faith    .   (no shield)
rNeg     . . .     Spirit   .   b - +0 robe
rPois    .         Reflect  .   (no helmet)
rElec    .         Harm     .   c - +0 cloak
rCorr    .         Rampage  .   (no gloves)
Will     .....                  (no boots)
Stlth    +++.......             (no amulet)
HPRegen  0.29/turn              (no ring)
MPRegen  0.08/turn              (no ring)

@: regenerating quickly
A: fangs 3, see invisible, unbreathing
a: Exsanguinate


You were on level 2 of the Dungeon.
You visited 1 branch of the dungeon, and saw 2 of its levels.

You collected 90 gold pieces.

Inventory:

Hand Weapons
 a - a +2 dagger (weapon)
Missiles
 d - 18 poisoned darts (quivered)
 e - 2 curare-tipped darts
Armour
 b - a +0 robe (worn)
 c - a +0 cloak (worn)
Potions
 f - a potion of brilliance {unknown}
 g - a potion of might {unknown}
 h - a potion of heal wounds {unknown}
 i - a potion of curing {unknown}


   Skills:
 + Level 2.7 Fighting
 - Level 2.1 Short Blades
 - Level 1.5 Throwing
 - Level 1.1 Dodging
 + Level 6.9 Stealth


You had 2 spell levels left.
You didn't know any spells.
Your spell library was empty.

Dungeon Overview and Level Annotations

Branches:
Dungeon (2/15)

Altars:

Annotations:
D:2 Terence


Innate Abilities, Weirdness & Mutations

Your natural rate of healing is unusually fast.
You have razor-sharp teeth.
You have supernaturally acute eyesight. (SInv)
You can survive without breathing.


Message History

You climb upwards.
There is a stone staircase leading down here.
There is an open door here.
There is a stone staircase leading down here.
You climb downwards.
Level annotation: Terence
There is a stone staircase leading up here.
A frilled lizard comes into view.
The frilled lizard hisses angrily.
A ball python comes into view.
The frilled lizard bites you but does no damage.
You closely miss the frilled lizard.
The frilled lizard bites you but does no damage.
You barely miss the frilled lizard.
The frilled lizard bites you but does no damage.
You closely miss the frilled lizard. The frilled lizard bites you.
You hit the frilled lizard.
You kill the frilled lizard!
A gnoll and an ogre come into view.
Found a stone staircase leading down.
A goblin and a gnoll come into view.
The gnoll shouts!
You hear a shout!
You hear an angry hiss.
A gnoll comes into view. It is wielding a +0 halberd.
Found 3 scrolls labelled GORYINUISUNI.
A frilled lizard comes into view.
The ball python closely misses you. The ball python grabs you.
The ball python constricts you. The ogre closely misses you.
You escape the ball python's grasp.
The ball python bites you but does no damage.
The ball python misses you.
You hit the ball python but do no damage.
The ball python barely misses you. x2
You closely miss the ball python. The ball python barely misses you.
The ball python completely misses you.
You closely miss the ball python. You bite the ball python.
You kill the ball python!
You hit the ogre but do no damage.
The ogre hits you with a +0 giant club!!
Ouch! That really hurt!
You die...

.....# .....#
##.....## #
.....>...
#.#####.....###
#.#.g..........
#...lg.........
###O##.........
#<@..#.........
#######.g......
#........
#....g...
.........
....?.##.


You could see an ogre, a gnoll, a goblin and a frilled lizard.

Vanquished Creatures
  An ooze (D:2)
  2 dart slugs (D:1)
  A leopard gecko (D:1)
  3 bats (D:1)
  4 giant cockroaches (D:1)
  2 kobolds (D:1)
  A ball python (D:2)
  3 frilled lizards
  8 goblins (D:1)
  7 rats
32 creatures vanquished.

Notes
Turn   | Place    | Note
-------+----------+-------------------------------------------
     0 | D:1      | dorian the Vampire Brigand began the quest for the Orb.
     0 | D:1      | Reached XP level 1. HP: 16/16 MP: 1/1
    33 | D:1      | Reached skill level 6 in Stealth
    85 | D:1      | Reached XP level 2. HP: 22/22 MP: 2/2
   491 | D:1      | Reached XP level 3. HP: 17/28 MP: 3/3
   701 | D:2      | Noticed Terence
   784 | D:2      | Noticed an ogre
   796 | D:2      | Slain by an ogre

Illustrated notes

Levels and vault maps discovered:
D:1:      dpeg_arrival_subterranean_lakeside_camping, layout_basic,
          serial_curves, eino_curves_01, eino_curves_03, minmay_small_reverse_x
D:2:      layout_basic, minmay_3d_cube, uniq_terence

Skill      XL: |  1 |
---------------+----+-----
Stealth        | 6 |  6.9
Fighting       | 2 |  2.7
Short Blades   | |  2.1
Throwing       | |  1.5
Dodging        | |  1.1

Action                   || total
-------------------------++-------
Melee: Dagger            ||    84
       Bite              ||     6
 Stab: Sleeping          ||    10
Armor: Robe              ||    17
Dodge: Dodged            ||    50

Table legend: (Time is in decaauts)
 A = Elapsed time spent in this place.
 B = Non-inter-level travel time spent in this place.
 C = Inter-level travel time spent in this place.
 D = Time resting spent in this place.
 E = Time spent auto-exploring this place.
 F = Levels seen in this place.
 G = Mean time per level.
                   A        B        C        D        E       F      G
               +--------+--------+--------+--------+--------+-----+--------+
         Total |    791 |    709 |     82 |      0 |    505 |   2 |  395.5 |
       Dungeon |    791 |    709 |     82 |      0 |    505 |   2 |  395.5 |
               +--------+--------+--------+--------+--------+-----+--------+

Top non-repeatable levels by time:
     D:1: 757 daAuts
     D:2: 33 daAuts
